 Dungeon Crawl Stone Soup version 0.27-a0-1116-g91b3acb402 (webtiles) character file.

Game seed: 6857570890795223767

218 wakim the Firebug (level 5, 0/38 HPs)
             Began as a Demigod Fire Elementalist on May 1, 2021.
             Slain by an orc
             ... wielding a +0 dagger
              (2 damage)
             ... on level 4 of the Dungeon.
             The game lasted 00:11:48 (4852 turns).

wakim the Firebug (Demigod Fire Elementalist)       Turns: 4852, Time: 00:11:49

Health: 0/38       AC:  2    Str:  9    XL:     5   Next: 36%
Magic:  7/12       EV: 12    Int: 21    God:
Gold:   208        SH:  0    Dex: 14    Spells: 6/10 levels left

rFire    . . .     SeeInvis .   a - +0 short sword (drain)
rCold    . . .     Faith    .   (no shield)
rNeg     . . .     Spirit   .   b - +0 robe
rPois    .         Reflect  .   (no helmet)
rElec    .         Harm     .   (no cloak)
rCorr    .         Rampage  .   (no gloves)
Will     .....                  (no boots)
Stlth    ++........             (no amulet)
HPRegen  0.12/turn              (no ring)
MPRegen  0.13/turn              (no ring)

@: no status effects
A: high mp 1, forlorn
a: no special abilities


You were on level 4 of the Dungeon.
You visited 2 branches of the dungeon, and saw 5 of its levels.

You collected 208 gold pieces.

Inventory:

Hand Weapons
 a - a +0 short sword of draining (weapon)
Armour
 b - a +0 robe (worn)
Wands
 u - a wand of mindburst (15)
Scrolls
 T - 2 scrolls of teleportation
Potions
 c - 2 potions of attraction {unknown}
 d - a potion of brilliance {unknown}
 e - a potion of heal wounds {unknown}
 f - a potion of degeneration {unknown}
 g - a potion of haste {unknown}
 K - a potion of magic


   Skills:
 - Level 1.7 Dodging
 - Level 1.7 Stealth
 - Level 3.0 Spellcasting
 + Level 2.7 Conjurations
 + Level 1.6 Hexes
 + Level 3.8 Fire Magic


You had 6 spell levels left.
You knew the following spells:

 Your Spells              Type           Power      Damage    Failure   Level
a - Foxfire               Conj/Fire      68%        2x1d7     3%          1
b - Inner Flame           Hex/Fire       14%        N/A       13%         3

Your spell library contained the following spells:

 Spells                   Type           Power      Damage    Failure   Level
 Corona                   Hex            10%        N/A       7%          1
 Conjure Flame            Conj/Fire      17%        6-21      11%         3
 Ensorcelled Hibernation  Hex/Ice        12%        N/A       14%         2
 Dazzling Flash           Conj/Hex       24%        N/A       16%         3
 Confusing Touch          Hex            9%         N/A       21%         3
 Tukima's Dance           Hex            9%         N/A       21%         3
 Sticky Flame             Conj/Fire      17%        2d4       34%         4
 Fireball                 Conj/Fire      8%         3d6       67%         5


Dungeon Overview and Level Annotations

Branches:
Dungeon (4/15)             Temple (1/1) D:4

Shops:
D:4 *


Innate Abilities, Weirdness & Mutations

Your attributes grow dramatically as you level up.
You have an increased reservoir of magic. (+10% MP)
You shall have no god before yourself.


Message History

The foxfire hits the orc wizard but does no damage.
The orc wizard is moderately wounded.
The orc priest calls down the wrath of Beogh upon you.
Beogh smites you!
The foxfire hits the orc wizard.
The orc wizard is heavily wounded.
You conjure some foxfire!
The foxfire hits the orc wizard but does no damage.
The orc wizard is heavily wounded.
The foxfire hits the orc wizard.
The orc wizard is heavily wounded.
You conjure some foxfire!
The foxfire hits the orc wizard but does no damage.
The orc wizard is heavily wounded.
The foxfire hits the orc wizard.
The orc wizard is almost dead.
The orc priest invokes the aid of Beogh against you.
Beogh smites you!
* * * LOW HITPOINT WARNING * * *
Your foxfire dissipates!
The foxfire hits the orc.
The orc is moderately wounded.
The orc wizard casts a spell at you. You resist with some effort.
There is an open door here.
Casting: Foxfire (safe; 3% risk of failure)
Confirm with . or Enter, or press ? or * to list all spells.
You conjure some foxfire!
The orc priest calls down the wrath of Beogh upon you.
Beogh smites you!
* * * LOW HITPOINT WARNING * * *
The orc wizard points at itself and mumbles some strange words.
The orc wizard flickers and vanishes!
Deactivating autopickup; reactivate with Ctrl-A.
A hound skeleton comes into view.
The foxfire hits the hound skeleton.
The hound skeleton is lightly damaged.
The foxfire hits the hound skeleton.
The hound skeleton is heavily damaged.
The orc hits you with a +0 dagger.
You die...

#....# ###....##
#.....# # ######
#........ ##...## #
#........ ##### #
#.$...... # #...... #
#.... ###+##
#.o######## .......
#{.#......# .......
#..#o@....# .......
#.)§§.....# .......
#.§#§.##.## .......
#§.#..##.##########+##
.Z..#............ #
..#..#............ +
##.#..#..##.###..##
##### # #..#..##.## #
..... #..#..#...#
.....


You could see an orc and a hound skeleton.

Vanquished Creatures
  A scorpion (D:4)
  A hound skeleton (D:4)
  4 adders
  A white imp (D:3)
  An ufetubus (D:4)
  An adder skeleton (D:4)
  A worm (D:4)
  A dart slug (D:2)
  2 orcs (D:4)
  6 ball pythons
  2 bats
  2 endoplasms
  9 giant cockroaches
  8 goblins
  9 hobgoblins
  14 jackals
  4 frilled lizards
  6 kobolds
  6 rats
79 creatures vanquished.

Vanquished Creatures (collateral kills)
  A foxfire (D:2)
1 creature vanquished.

Vanquished Creatures (others)
  267 foxfires
  5 plants (D:2)
272 creatures vanquished.

Grand Total: 352 creatures vanquished

Notes
Turn   | Place    | Note
-------+----------+-------------------------------------------
     0 | D:1      | wakim the Demigod Fire Elementalist began the quest for the
                  | Orb.
     0 | D:1      | Reached XP level 1. HP: 14/14 MP: 5/5
   106 | D:1      | Reached skill level 1 in Conjurations
   492 | D:1      | Reached XP level 2. HP: 20/20 MP: 5/7
  1138 | D:1      | Reached XP level 3. HP: 26/26 MP: 3/8
  1330 | D:1      | Learned a level 3 spell: Inner Flame
  3333 | D:3      | Reached XP level 4. HP: 28/33 MP: 6/10
  4160 | D:4      | Reached skill level 1 in Hexes
  4381 | D:4      | Found a staircase to the Ecumenical Temple.
  4496 | Temple   | Entered the Ecumenical Temple
  4711 | D:4      | Reached XP level 5. HP: 38/38 MP: 6/12
  4758 | D:4      | Found Tiefo's Mass Market.
  4852 | D:4      | Slain by an orc

Illustrated notes

Levels and vault maps discovered:
D:1:      amcnicky_arrival_feature_with_door, layout_loops_corners,
          serial_park_tiny_1, minmay_misc_feat_square, minmay_tetromino_s4
D:2:      layout_loops_ring, chequers_ecumenical_altar_island, serial_forest,
          infiniplex_forest_end_2, infiniplex_forest_lined_2,
          infiniplex_forest_lined_2, infiniplex_forest_corner_2,
          infiniplex_forest_side_room, infiniplex_forest_lined_room_,
          infiniplex_forest_clump_small, basic_altar, kennysheep_generic_room_5
D:3:      layout_basic, nicolae_overflow_crystal_walls, lemuel_crystal_altar,
          nicolae_overflow_hidden_temple
D:4:      minmay_recursive_quarters, layout_gridville,
          minmay_temple_entry_drinking_statues, serial_shops, shop,
          eino_small_chamber_without_monster, minmay_misc_feat_nine_boxes,
          hangedman_abyss_or_decor_passed, minmay_shop_mass,
          kennysheep_generic_room_6
Temple:   eino_temple_lava

Skill      XL: |  1  2  3  4 |
---------------+-------------+-----
Conjurations   | 1 2 |  2.7
Fire Magic     | 3 |  3.8
Spellcasting   | 2 3 |  3.0
Hexes          | 1 |  1.6
Dodging        | |  1.7
Stealth        | |  1.7

Action                   |  1- 3 |  4- 6 || total
-------------------------+-------+-------++-------
Melee: Unarmed           |     1 |       ||     1
 Cast: Foxfire           |   106 |    59 ||   165
       Inner Flame       |     1 |     2 ||     3
  Use: Scroll            |     5 |     4 ||     9
Armor: Robe              |    14 |     3 ||    17
Dodge: Dodged            |    26 |     6 ||    32

Table legend: (Time is in decaauts)
 A = Elapsed time spent in this place.
 B = Non-inter-level travel time spent in this place.
 C = Inter-level travel time spent in this place.
 D = Time resting spent in this place.
 E = Time spent auto-exploring this place.
 F = Levels seen in this place.
 G = Mean time per level.
                   A        B        C        D        E       F      G
               +--------+--------+--------+--------+--------+-----+--------+
         Total |   4854 |   4780 |     74 |    331 |   3828 |   5 |  970.8 |
       Dungeon |   4852 |   4778 |     74 |    331 |   3828 |   4 | 1213.0 |
        Temple |      1 |      1 |      0 |      0 |      0 |   1 |    1.0 |
               +--------+--------+--------+--------+--------+-----+--------+

Top non-repeatable levels by time:
     D:1: 1917 daAuts
     D:3: 1209 daAuts
     D:2: 1071 daAuts
     D:4: 654 daAuts
  Temple: 1 daAuts
